 Dungeon Crawl Stone Soup version 0.24.1-1-gd1d2a07e1b (webtiles) character file.

Game seed: 4326190433042158501, levelgen mode: deterministic

418 nightchill the Slasher (level 6, -3/48 HPs)
             Began as a Vampire Gladiator on Apr 9, 2020.
             Was a Follower of Uskayaw.
             Slain by an ogre
             ... wielding a +0 giant club
              (13 damage)
             ... on level 4 of the Dungeon.
             The game lasted 00:08:16 (3352 turns).

nightchill the Slasher (Vampire Gladiator)          Turns: 3352, Time: 00:08:17

Health: -3/48      AC:  7    Str: 15    XL:     6   Next: 61%
Magic:  7/7        EV: 12    Int: 11    God:    Uskayaw [*.....]
Gold:   98         SH:  0    Dex: 15    Spells: 5/5 levels left

rFire    . . .     SeeInvis +   a - +0 long sword
rCold    . . .     Gourm    .   (no shield)
rNeg     . . .     Faith    .   g - +0 ring mail
rPois    .         Spirit   .   o - +1 helmet
rElec    .         Reflect  .   (no cloak)
rCorr    .         Harm     .   (no gloves)
MR       .....                  (no boots)
Stlth    +.........             (no amulet)
HPRegen  0.36/turn              (no ring)
MPRegen  0.10/turn              (no ring)

@: regenerating quickly
A: no food, fangs 3, see invisible, unbreathing
a: Exsanguinate, Stomp, Renounce Religion


You were on level 4 of the Dungeon.
You worshipped Uskayaw.
Uskayaw was noncommittal.
You were alive.

You visited 1 branch of the dungeon, and saw 4 of its levels.

You collected 98 gold pieces.

Inventory:

Hand Weapons
 a - a +0 long sword (weapon)
 b - a +0 dagger of venom
 n - a +0 hunting sling
Missiles
 d - 3 throwing nets (quivered)
 f - 146 stones
Armour
 g - a +0 ring mail (worn)
 o - a +1 helmet (worn)
Magical Staves
 q - an uncursed staff of wizardry {unknown}
Wands
 p - a wand of paralysis (4)
Scrolls
 i - 4 scrolls of identify {unknown}
 k - a scroll of amnesia {unknown}
 m - a scroll of blinking {unknown}
 s - a scroll of immolation {unknown}
Potions
 c - 2 potions of flight {unknown}
 e - a potion of berserk rage {unknown}
 h - a potion of lignification {unknown}
 j - a potion of degeneration {unknown}
 l - a potion of might {unknown}
 r - a potion of invisibility {unknown}
 t - a potion of curing {unknown}
 u - a potion of ambrosia {unknown}


   Skills:
 + Level 3.6 Fighting
 * Level 6.0 Long Blades
 - Level 1.5 Throwing
 - Level 3.2 Dodging
 + Level 2.1 Invocations


You had 5 spell levels left.
You didn't know any spells.
Your spell library was empty.

Dungeon Overview and Level Annotations

Branches:
Dungeon (4/15)
 Temple: D:4-7

Altars:
Cheibriados
Dithmenos
Fedhas
Gozag
Nemelex Xobeh
Uskayaw
Yredelemnul
The Shining One


Innate Abilities, Weirdness & Mutations

You do not eat.
Your natural rate of healing is unusually fast.
You have razor-sharp teeth.
You have supernaturally acute eyesight. (SInv)
You can survive without breathing.


Message History

There is a stone staircase leading up here.
An ogre comes into view. It is wielding a +0 giant club.
The ogre shouts!
An orc comes into view. It is wielding a +0 mace.
The orc shouts!
You barely miss the ogre. The ogre misses you.
You slash the ogre!
The ogre is moderately wounded.
The ogre hits you with a +0 giant club!
You hit the ogre. You bite the ogre.
The ogre is heavily wounded.
The ogre hits you with a +0 giant club!!
* * * LOW HITPOINT WARNING * * *
You hit the ogre but do no damage.
The ogre is heavily wounded.
The ogre closely misses you.
You hit the ogre but do no damage.
The ogre is heavily wounded.
The ogre hits you with a +0 giant club!
You die...

#.####...<)...# #.%...#
..........)...###.##.##
#.#####...........##.#
#.............#.####.#
###############.# #.#
#.......# #.# ##
#.####### #.# .#
##.##########.# .#
.......oO@...<# .#
##.############ ... ..#
... ###


You could see an ogre and an orc.

Vanquished Creatures
  A bullfrog (D:4)
  A scorpion (D:4)
  2 orc wizards
  A bullfrog skeleton (D:4)
  A worker ant (D:4)
  Robin (D:3)
  10 adders
  An ooze (D:1)
  4 leopard geckos
  10 orcs
  8 bats
  A giant cockroach (D:3)
  14 goblins
  8 hobgoblins
  3 jackals (D:3)
  A quokka (D:3)
  A ball python (D:2)
  4 frilled lizards
  7 kobolds
  2 leopard gecko skeletons
  10 rats
91 creatures vanquished.

Notes
Turn   | Place    | Note
-------+----------+-------------------------------------------
     0 | D:1      | nightchill the Vampire Gladiator began the quest for the
                  | Orb.
     0 | D:1      | Reached XP level 1. HP: 16/16 MP: 1/1
   184 | D:1      | Reached XP level 2. HP: 22/22 MP: 2/2
   844 | D:2      | Reached XP level 3. HP: 27/27 MP: 3/3
   855 | D:2      | Found a glowing golden altar of the Shining One.
   860 | D:2      | Found a basalt altar of Yredelemnul.
   886 | D:2      | Reached skill level 4 in Long Blades
  1293 | D:2      | Reached XP level 4. HP: 33/34 MP: 4/4
  1621 | D:2      | Found a blossoming altar of Fedhas.
  1621 | D:2      | Found a faded altar of an unknown god.
  1626 | D:2      | Found an opulent altar of Gozag.
  1628 | D:2      | Found a snail-covered altar of Cheibriados.
  1629 | D:2      | Found a hide-covered altar of Uskayaw.
  1634 | D:2      | Became a worshipper of Uskayaw the Reveler
  1817 | D:2      | Noticed an angel
  1886 | D:3      | Reached * piety under Uskayaw
  2002 | D:3      | Found a sparkling altar of Nemelex Xobeh.
  2049 | D:3      | Found a shadowy altar of Dithmenos.
  2137 | D:3      | Reached ** piety under Uskayaw
  2142 | D:3      | Noticed Robin
  2142 | D:3      | Reached *** piety under Uskayaw
  2148 | D:3      | Reached **** piety under Uskayaw
  2149 | D:3      | Reached skill level 5 in Long Blades
  2149 | D:3      | Reached XP level 5. HP: 17/41 MP: 5/5
  2150 | D:3      | Killed Robin
  2150 | D:3      | Reached ***** piety under Uskayaw
  2366 | D:3      | Reached skill level 1 in Invocations
  2945 | D:4      | Reached XP level 6. HP: 43/47 MP: 7/7
  3099 | D:4      | Reached skill level 6 in Long Blades
  3352 | D:4      | Slain by an ogre

Levels and vault maps discovered:
D:1:      mrwooster_arrival_statue_2, layout_loops_corners
D:2:      layout_loops_corners, grunt_temple_overflow_holy_war,
          chequers_temple_overflow_minitemple
D:3:      layout_basic, grunt_dithmenos_smoke_and_mirrors,
          nemelex_diamond_rough_becter, uniq_robin
D:4:      layout_loops_ring, first_ration

Skill      XL: |  1  2  3  4  5  6 |
---------------+-------------------+-----
Fighting       | 2 3 |  3.6
Long Blades    | 4 5 6 |  6.0
Invocations    | 1 2 |  2.1
Throwing       | |  1.5
Dodging        | |  3.2

Action                   |  1- 3 |  4- 6 || total
-------------------------+-------+-------++-------
Melee: Long sword        |    88 |   152 ||   240
       Bite              |     7 |    23 ||    30
 Stab: Sleeping          |     1 |       ||     1
       Paralysed         |       |     3 ||     3
Armor: Leather armour    |     3 |       ||     3
       Ring mail         |    24 |    49 ||    73
Dodge: Dodged            |    59 |   104 ||   163
       Rpst.: Long sword |    15 |    38 ||    53
